 Dungeon Crawl Stone Soup version 0.29-a0-791-ga0f254aafb (webtiles) character file.

Game seed: 14609968940928624407

42 Lekart the Trooper (level 3, 0/33 HPs)
             Began as a Draconian Fighter on July 2, 2022.
             Slain by a hound (5 damage)
             ... on level 3 of the Dungeon on July 3, 2022.
             The game lasted 00:04:30 (1307 turns).

Lekart the Trooper (Draconian Fighter)              Turns: 1307, Time: 00:04:31

Health: 0/33       AC:  5    Str: 20    XL:     3   Next: 33%
Magic:  3/3        EV: 12    Int:  8    God:
Gold:   154        SH:  4    Dex: 10    Spells: 2/2 levels left

rFire   . . .      SeeInvis .   a - +0 war axe
rCold   . . .      Faith    .   b - +0 buckler
rNeg    . . .      Spirit   .   (body armour unavailable)
rPois   .          Reflect  .   (helmet restricted)
rElec   .          Harm     .   (no cloak)
rCorr   .          Rampage  .   (no gloves)
Will    .....                   (no boots)
Stlth   +.........              (no amulet)
HPRegen 0.11/turn               (no ring)
MPRegen 0.08/turn               (no ring)

@: no status effects
A: AC +5, unfitting armour, cold-blooded
a: no special abilities


You were on level 3 of the Dungeon.
You visited 1 branch of the dungeon, and saw 3 of its levels.

You collected 154 gold pieces.

Inventory:

Hand Weapons
 a - a +0 war axe (weapon)
Armour
 b - a +0 buckler (worn)
Scrolls
 d - 5 scrolls of identify {unknown}
 f - a scroll of vulnerability {unknown}
 i - a scroll of immolation {unknown}
 j - a scroll of teleportation {unknown}
 k - a scroll of amnesia {unknown}
 m - a scroll of torment {unknown}
 n - a scroll of blinking {unknown}
Potions
 c - a potion of might


   Skills:
 + Level 3.8 Fighting
 + Level 2.5 Axes
 + Level 3.1 Dodging
 + Level 3.3 Shields


You had 2 spell levels left.
You didn't know any spells.
Your spell library was empty.

Dungeon Overview and Level Annotations

Branches:
Dungeon (3/15)

Altars:

Shops:
D:2 :


Innate Abilities, Weirdness & Mutations

Your plain brown scales are hard. (AC +5)
You cannot fit into any form of body armour.
You are cold-blooded and may be slowed by cold attacks.


Message History

It was a potion of curing.
You feel better. You block the hound's attack.
The hound bites you but does no damage.
The gnoll hits you from afar with a +2 halberd of venom!
* * * LOW HITPOINT WARNING * * *
You are lethally poisoned!
It was a potion of heal wounds.
You feel much better.
You feel very sick. The hound closely misses you. x2
The gnoll hits you from afar with a +2 halberd of venom!
The hound misses you. The hound bites you. The hound attacks as you move away!
The hound bites you but does no damage.
You feel sick.
A gnoll opens the door.
You feel sick.
The hound bites the bush but does no damage.
You feel sick.
You feel sick. The hound closely misses you.
You feel sick.
You feel sick. The hound closely misses you.
You feel sick. The hound attacks as you move away! The hound bites you.
* * * LOW HITPOINT WARNING * * *
You feel sick.
You are no longer poisoned.
The hound attacks as you move away! The hound barely misses you.
The hound attacks as you move away! The hound bites you.
* * * LOW HITPOINT WARNING * * *
The hound barely misses you.
You miss the hound. You block the hound's attack.
The hound stops to sniff the ground.
The hound closely misses you.
You slash the hound!
The hound is almost dead.
The hound bites you.
* * * LOW HITPOINT WARNING * * *
The hound bites you but does no damage. The hound barely misses you.
You barely miss the hound.
The hound is almost dead.
The hound barely misses you. The hound attacks as you move away!
The hound bites you.
You die...

#
######################
#.ghh@...##...........
#.######.##.#########.
#.# #........# #<
###.# #..#.###.#####.
#..## #..............
#..# # ##.#.......###.
##.P#'#+#
#.#..##>#.###.
#..g'...#
#.#..##.......
#..P#...#
#.............


You could see 2 hounds and a gnoll.

Vanquished Creatures
  2 dart slugs (D:1)
  2 endoplasms (D:1)
  A giant cockroach (D:3)
  8 goblins
  3 hobgoblins (D:1)
  A quokka (D:3)
  A ball python (D:1)
  7 bats
  2 frilled lizards
  4 kobolds
  7 rats
38 creatures vanquished.

Vanquished Creatures (others)
  8 plants (D:1)
8 creatures vanquished.

Grand Total: 46 creatures vanquished

Notes
Turn   | Place    | Note
-------+----------+-------------------------------------------
     0 | D:1      | Lekart the Draconian Fighter began the quest for the Orb.
     0 | D:1      | Reached XP level 1. HP: 19/19 MP: 1/1
   142 | D:1      | Upgraded the game from 0.29-a0-780-g652cadfb38 to
                  | 0.29-a0-791-ga0f254aafb
   234 | D:1      | Reached XP level 2. HP: 26/26 MP: 2/2
   679 | D:1      | Found a faded altar of an unknown god.
   836 | D:1      | Reached XP level 3. HP: 33/33 MP: 3/3
   858 | D:2      | Found Quvvuz Siqa's Book Emporium.
  1307 | D:3      | Slain by a hound

Illustrated notes

Levels and vault maps discovered:
D:1:      elethiomel_arrival_infinity_welcomes_careful_drivers, layout_rooms,
          chequers_ecumenical_altar_grove, serial_bayou_ford_a,
          minmay_misc_feat_cross
D:2:      layout_basic, serial_shops, shop
D:3:      layout_loops_ring, serial_shops, shop, cheibrodos_gnoll_hut,
          uniq_grinder, uniq_terence

Skill      XL: |  1  2 |
---------------+-------+-----
Dodging        | 3 |  3.1
Fighting       | |  3.8
Axes           | |  2.5
Shields        | |  3.3

Action                   || total
-------------------------++-------
Melee: War axe           ||    87
       Tailslap          ||     8
  Use: Potion            ||     4
Armor: Skin              ||    31
Dodge: Dodged            ||    84
Block: Buckler           ||    26

Table legend: (Time is in decaauts)
 A = Elapsed time spent in this place.
 B = Non-inter-level travel time spent in this place.
 C = Inter-level travel time spent in this place.
 D = Time resting spent in this place.
 E = Time spent auto-exploring this place.
 F = Levels seen in this place.
 G = Mean time per level.
                   A        B        C        D        E       F      G
               +--------+--------+--------+--------+--------+-----+--------+
         Total |   1352 |   1265 |     87 |      0 |    972 |   3 |  450.7 |
       Dungeon |   1352 |   1265 |     87 |      0 |    972 |   3 |  450.7 |
               +--------+--------+--------+--------+--------+-----+--------+

Top non-repeatable levels by time:
     D:1: 892 daAuts
     D:2: 355 daAuts
     D:3: 104 daAuts
